 Dungeon Crawl Stone Soup version 0.25-a0-661-g55ea3d2053 (webtiles) character file.

Game seed: 14730392169846882197, levelgen mode: deterministic

476 DasRunzen the Ducker (level 6, -6/45 HPs)
             Began as a Demigod Gladiator on Mar 23, 2020.
             Mangled by an orc warrior
             ... wielding a +0 dire flail
              (22 damage)
             ... on level 5 of the Dungeon.
             The game lasted 00:07:12 (3714 turns).

DasRunzen the Ducker (Demigod Gladiator)            Turns: 3714, Time: 00:07:12

Health: -6/45      AC:  8    Str: 17    XL:     6   Next: 54%
Magic:  18/21      EV: 14    Int: 16    God:
Gold:   212        SH:  0    Dex: 17    Spells: 9/9 levels left

rFire    . . .     SeeInvis .   a - +0 long sword
rCold    . . .     Gourm    .   (no shield)
rNeg     . . .     Faith    .   b - +0 leather armour
rPois    .         Spirit   .   q - +0 hat
rElec    .         Reflect  .   (no cloak)
rCorr    .         Harm     .   g - +2 pair of gloves
MR       +....                  (no boots)
Stlth    +.........             (no amulet)
HPRegen  0.15/turn              j - ring of flight
MPRegen  0.17/turn              t - ring of magical power

@: no status effects
A: antennae 1, slimy green scales 1, frail 1, high mp 1, magic resistance 1
a: Evoke Flight


You were on level 5 of the Dungeon.
You were very hungry.

You visited 1 branch of the dungeon, and saw 5 of its levels.

You collected 212 gold pieces.

Inventory:

Hand Weapons
 a - a +0 long sword (weapon)
Missiles
 d - 3 throwing nets (quivered)
Armour
 b - a +0 leather armour (worn)
 c - a +0 helmet
 g - a +2 pair of gloves (worn)
 q - a +0 hat (worn)
Jewellery
 j - a ring of flight (left hand)
 t - a ring of magical power (right hand)
Wands
 i - a wand of flame (7)
Scrolls
 l - a scroll of fear
 o - 2 scrolls of remove curse
 p - a scroll of identify
Potions
 e - a potion of might
 h - 3 potions of lignification {unknown}
 k - 3 potions of curing {unknown}
 m - 2 potions of degeneration {unknown}
 n - a potion of flight {unknown}
 r - a potion of stabbing {unknown}
 s - a potion of ambrosia {unknown}
Comestibles
 f - 9 rations


   Skills:
 + Level 3.3 Fighting
 + Level 3.9 Long Blades
 - Level 1.7 Throwing
 + Level 2.6 Armour
 + Level 4.0 Dodging
 + Level 2.3 Spellcasting


You had 9 spell levels left.
You didn't know any spells.
Your spell library was empty.

Dungeon Overview and Level Annotations

Branches:
Dungeon (5/15)
 Temple: D:4-7

Annotations:
D:5 1 runed translucent door, Darkdwarf's ghost, novice DDFi


Innate Abilities, Weirdness & Mutations

You have an increased reservoir of magic. (+10% MP)
You have a pair of small antennae on your head.
You are partially covered in slimy green scales. (AC +2)
You are frail. (-10% HP)
You are resistant to hostile enchantments. (MR+)


Message History

The orc warrior is lightly wounded.
The orc warrior barely misses you.
You hit the orc warrior but do no damage.
The orc warrior is lightly wounded.
The orc warrior barely misses you.
You riposte.
You slash the orc warrior!
The orc warrior is moderately wounded.
You hit the orc warrior but do no damage.
The orc warrior is moderately wounded.
The orc warrior hits you with a +0 dire flail!
You hit the orc warrior.
The orc warrior is severely wounded.
The orc warrior closely misses you.
You hit the orc warrior but do no damage.
The orc warrior is severely wounded.
The orc warrior closely misses you.
The orc warrior hits you with a +0 dire flail!
You closely miss the orc warrior.
The orc warrior is heavily wounded.
The orc warrior hits you with a +0 dire flail!!
You die...

#.#....## #....
#....... #....
#...... ##.... )....
#..... #$..
#####..... #..#
#####.........
#..#####......##.....
#..##.....######.....
##oo@..#### #......
#.†##### #...... +...
#...... ##.. #.....>
#..# #...... ##.#
##..... .. ##....
##... ##


You could see an orc warrior and an orc.

Vanquished Creatures
  Edmund (D:4)
  An ogre (D:4)
  4 orc priests (D:4)
  An orc wizard (D:4)
  5 adders
  2 oozes (D:2)
  2 worms (D:2)
  A dart slug (D:1)
  A leopard gecko (D:5)
  7 orcs
  2 giant cockroaches
  9 goblins
  7 hobgoblins
  5 jackals
  2 quokkas
  13 bats
  6 frilled lizards
  6 kobolds
  5 rats
80 creatures vanquished.

Notes
Turn   | Place    | Note
-------+----------+-------------------------------------------
     0 | D:1      | DasRunzen the Demigod Gladiator began the quest for the
                  | Orb.
     0 | D:1      | Reached XP level 1. HP: 17/17 MP: 3/3
   173 | D:1      | Reached XP level 2. HP: 19/24 MP: 4/4
   605 | D:2      | Reached skill level 3 in Dodging
   605 | D:2      | Reached XP level 3. HP: 21/29 MP: 6/6
   623 | D:2      | Reached skill level 1 in Armour
   927 | D:2      | Reached skill level 1 in Spellcasting
  1214 | D:2      | Gained mutation: You are partially covered in slimy green
                  | scales. (AC +2) [potion of mutation]
  1214 | D:2      | Gained mutation: You are frail. (-10% HP) [potion of
                  | mutation]
  1214 | D:2      | Gained mutation: You have a pair of small antennae on your
                  | head. [potion of mutation]
  1214 | D:2      | Gained mutation: You are resistant to hostile enchantments.
                  | (MR+) [potion of mutation]
  1478 | D:3      | Found a sacrificial altar of Ru.
  1478 | D:3      | Found a stormy altar of Qazlal.
  1480 | D:3      | Found an ornate altar of the Wu Jian Council.
  1556 | D:3      | Reached XP level 4. HP: 30/33 MP: 8/8
  2155 | D:4      | Reached XP level 5. HP: 17/37 MP: 10/10
  2327 | D:4      | Found a radiant altar of Vehumet.
  2370 | D:4      | Noticed an ogre
  2378 | D:4      | Killed an ogre
  2667 | D:4      | Found a shimmering blue altar of Sif Muna.
  3045 | D:4      | Reached XP level 6. HP: 30/45 MP: 11/11
  3196 | D:4      | Found a white marble altar of Elyvilon.
  3294 | D:4      | Noticed Edmund
  3310 | D:4      | Killed Edmund
  3310 | D:4      | Reached skill level 4 in Dodging
  3547 | D:5      | Entered Level 5 of the Dungeon
  3649 | D:5      | Found a runed translucent door.
  3649 | D:5      | Noticed Darkdwarf's ghost (novice DDFi)
  3714 | D:5      | Mangled by an orc warrior

Levels and vault maps discovered:
D:1:      nzn_arrival_water_spiral, layout_rooms, st_stairs_8,
          minmay_misc_feat_enclosed, hangedman_decor_growths
D:2:      layout_loops_ring, first_ration
D:3:      layout_basic, grunt_temple_overflow_open
D:4:      layout_loops_ring, nicolae_overflow_crystal_walls,
          lemuel_crystal_altar, kennysheep_mini, uniq_edmund
D:5:      layout_cave_pods, lemuel_coloured_pillars_altar,
          kennysheep_little_box, hellmonk_ghost_happy_afterlife,
          minmay_shop_grid_forest

Skill      XL: |  1  2  3  4  5  6 |
---------------+-------------------+-----
Fighting       | 2 3 |  3.3
Dodging        | 3 4 |  4.0
Long Blades    | 3 |  3.9
Armour         | 1 2 |  2.6
Spellcasting   | 1 2 |  2.3
Throwing       | |  1.7

Action                   |  1- 3 |  4- 6 || total
-------------------------+-------+-------++-------
Melee: Long sword        |   127 |   131 ||   258
  Use: Scroll            |     4 |     6 ||    10
       Potion            |     1 |       ||     1
 Stab: Sleeping          |     2 |       ||     2
  Eat: Chunk             |     1 |     7 ||     8
Armor: Leather armour    |    58 |    46 ||   104
Dodge: Dodged            |   125 |    88 ||   213
       Rpst.: Long sword |    39 |    26 ||    65

Table legend:
 A = Non-vault XP
 B = Vault XP
 C = Vault XP percentage of total XP
 D = Non-vault monster count
 E = Vault monster count
 F = Vault count percentage of total count
                 A         B        C        D         E       F
            +---------+---------+-------+---------+---------+-------
      Total |     507 |     173 |  25.4 |      79 |       1 |   1.2
            +---------+---------+-------+---------+---------+-------
        D:1 |      29 |       0 |   0.0 |      17 |       0 |   0.0
        D:2 |      68 |       0 |   0.0 |      24 |       0 |   0.0
        D:3 |      46 |       0 |   0.0 |      20 |       0 |   0.0
        D:4 |     358 |     173 |  32.6 |      16 |       1 |   5.9
        D:5 |       6 |       0 |   0.0 |       2 |       0 |   0.0
            +---------+---------+-------+---------+---------+-------
